Map: Frostline LE

Players

iPlayDefense

  • Race: Terran Terran
  • League: Silver
  • Spawn Location: 1:00

BattleBreakr - Winner!

  • Race: Terran Terran
  • League: Gold
  • Spawn Location: 7:00

VOD

Have the link to the VOD?

Description

Time

  • Played on: April 18, 2025, 9:22 p.m.
  • Length: 17:26
Show
View Real Time Build Order
Export as new Build Order

iPlayDefense Terran 

Build Orders:  

Get SALT Encoding   

  12  0:00  SCV  
  13  0:15  Supply Depot  
  13  0:18  SCV  
  14  0:31  SCV  
  15  0:39  Refinery  
  15  0:43  SCV  
  16  0:55  SCV  
  16  0:56  Barracks  
  17  1:07  SCV  
  18  1:19  SCV  
  19  1:27  Refinery  
  19  1:38  Supply Depot  
  19  1:44  Orbital Command  
  19  1:45  Barracks Reactor  
  19  2:07  Factory  
  19  2:17  SCV  
  20  2:29  SCV  
  21  2:32  Command Center  
  21  2:37  Marine x2  
  21  2:41  SCV  
  24  2:47  Engineering Bay  
  24  2:52  Factory Tech Lab  
  24  2:55  Marine  
  25  3:06  Starport  
  25  3:09  SCV  
  26  3:21  SCV  
  26  3:23  Terran Infantry Armor Level 1  
  27  3:33  SCV  
  28  3:41  Siege Tank  
  31  3:45  SCV  
  31  3:47  Starport Reactor  
  32  3:52  Orbital Command  
  32  3:57  SCV  
  33  4:09  SCV  
  34  4:12  Refinery  
  34  4:21  SCV  
  35  4:26  Barracks, Medivac  
  35  4:27  Barracks  
  35  4:31  Marine x2  
  37  4:34  SCV  
  37  4:38  SCV  
  41  4:46  SCV  
  41  4:50  SCV  
  43  4:54  Medivac  
  43  4:58  SCV  
  46  5:17  Terran Infantry Weapons Level 1  
  46  5:48  Barracks Tech Lab x2  
  46  6:06  Supply Depot  
  46  6:12  Supply Depot  
  46  6:13  Supply Depot  
  46  6:15  Supply Depot  
  46  6:27  SCV, Marine x2, Siege Tank, Medivac x2  
  46  6:28  Supply Depot, SCV  
  48  6:35  Marine  
  48  6:36  Marine  
  48  6:39  SCV  
  51  6:40  SCV  
  51  6:45  Marine x2  
  54  6:48  Refinery  
  54  6:52  Supply Depot, SCV x2  
  54  6:53  Marine x2  
  58  6:57  Medivac x2  
  58  6:59  Siege Tank  
  58  7:00  Supply Depot  
  65  7:03  Marine x2  
  65  7:04  SCV x2  
  69  7:11  Marine x2  
  71  7:16  SCV  
  71  7:17  Supply Depot  
  71  7:21  Marine x2  
  74  7:29  Marine x2  
  76  7:32  Siege Tank  
  76  7:36  Medivac x2  
  83  7:38  Marine x2  
  85  7:46  Marine  
  85  7:47  Marine  
  87  7:56  Marine x2  
  87  7:58  Supply Depot  
  83  8:00  Supply Depot  
  83  8:04  Siege Tank, Marine  
  83  8:05  Marine, Medivac  
  87  8:07  SCV  
  87  8:08  SCV, Armory  
  91  8:14  Marine x2  
  94  8:20  SCV  
  94  8:22  Marine x2  
  96  8:36  Siege Tank  
  96  8:37  Marine x2  
  96  8:40  Marine x2  
  103  8:45  Command Center  
  103  8:55  Marine x2  
  104  8:58  Marine x2  
  107  9:08  Siege Tank  
  108  9:12  Marine  
  108  9:13  Marine  
  108  9:14  Medivac  
  108  9:15  Marine, Medivac  
  108  9:16  Marine  
  106  9:27  Terran Infantry Weapons Level 2  
  106  9:30  Marine  
  106  9:31  Marine  
  97  9:33  Marine  
  97  9:34  Marine  
  100  9:40  Siege Tank  
  100  9:42  Terran Vehicle Weapons Level 1  
  100  9:44  Medivac  
  100  9:45  Medivac  
  107  9:47  SCV x2  
  107  9:48  Marine  
  107  9:49  Marine  
  107  9:51  Marine  
  107  9:52  Marine  
  113  9:59  SCV x2  
  115  10:09  Marine x2  
  115  10:11  SCV x2  
  115  10:12  SCV, Siege Tank  
  115  10:13  Starport  
  123  10:19  Refinery  
  123  10:21  Refinery  
  123  10:23  SCV  
  123  10:24  SCV  
  123  10:25  Orbital Command  
  123  10:28  Marine x4  
  126  10:33  Supply Depot  
  130  10:35  SCV  
  130  10:36  SCV  
  130  10:39  Supply Depot  
  131  10:44  Siege Tank  
  131  10:45  Marine  
  131  10:46  Marine x3  
  131  10:47  SCV  
  139  10:51  Starport Tech Lab  
  139  10:56  SCV x2  
  141  10:57  Supply Depot  
  141  10:59  SCV  
  141  11:02  Supply Depot  
  141  11:03  Marine  
  141  11:04  Marine x3  
  143  11:08  SCV  
  147  11:16  Siege Tank  
  150  11:19  Supply Depot  
  150  11:21  Marine  
  150  11:22  Marine x3  
  154  11:37  Terran Vehicle And Ship Armor Level 1  
  154  11:39  Marine x2  
  154  11:41  Barracks  
  154  11:43  Terran Infantry Armor Level 2, Factory  
  154  11:46  Supply Depot, Barracks  
  156  11:47  Supply Depot  
  156  11:48  Supply Depot  
  133  12:11  Marine x2  
  133  12:12  Marine x2  
  133  12:15  Combat Shield, Stimpack  
  136  12:29  Marine x4  
  140  12:38  Factory Tech Lab  
  140  12:43  Cyclone  
  143  12:47  Marine x4  
  147  12:54  Barracks Reactor  
  147  12:56  Banshee, Barracks Reactor  
  150  12:59  Medivac x2  
  150  13:04  Marine  
  150  13:05  Marine x3  
  158  13:13  Cyclone  
  158  13:15  Cyclone  
  164  13:22  Marine  
  164  13:23  Marine x3  
  168  13:27  Hyperflight Rotors  
  168  13:29  Medivac x2  
  168  13:30  Terran Vehicle Weapons Level 2  
  168  13:33  Marine x4  
  176  13:38  Banshee  
  176  13:40  Marine x2  
  176  13:41  Marine x2  
  183  13:45  Cyclone  
  183  13:47  Cyclone  
  189  13:50  Marine  
  189  13:51  Marine x3  
  193  13:58  Marine x4  
  193  13:59  Medivac, Terran Infantry Weapons Level 3  
  199  14:08  Marine  
  200  14:11  Supply Depot  
Show
View Real Time Build Order
Export as new Build Order

BattleBreakr Terran - Winner!

Build Orders:  

Get SALT Encoding   

  12  0:01  SCV  
  13  0:14  SCV  
  14  0:26  SCV  
  15  0:32  Supply Depot  
  15  0:53  SCV  
  15  0:56  Barracks  
  16  1:05  SCV  
  17  1:23  SCV  
  18  1:35  SCV  
  18  1:39  Refinery  
  19  1:46  Marine, Refinery  
  20  1:47  SCV  
  21  1:55  Command Center  
  21  1:59  SCV  
  22  2:04  Marine  
  22  2:05  Barracks  
  23  2:23  Supply Depot  
  23  2:44  Marine  
  23  2:45  SCV  
  23  2:47  Supply Depot  
  25  2:57  SCV  
  26  2:58  Barracks Tech Lab  
  26  3:02  Marine  
  27  3:08  SCV  
  27  3:09  SCV, Refinery  
  27  3:11  Supply Depot  
  29  3:20  SCV  
  29  3:21  Orbital Command  
  29  3:24  Marine  
  29  3:26  Combat Shield  
  31  3:32  SCV  
  32  3:35  Factory  
  32  3:40  Refinery  
  32  3:42  Marine  
  32  3:44  SCV, Marine  
  35  3:57  SCV  
  35  3:59  SCV  
  35  4:00  Marauder  
  39  4:09  SCV  
  41  4:17  Barracks Reactor  
  41  4:20  Factory  
  41  4:21  SCV  
  41  4:22  Marauder  
  43  4:26  Factory Tech Lab  
  43  4:33  Engineering Bay  
  43  4:36  SCV  
  44  4:39  Orbital Command  
  44  4:51  Infernal Pre-Igniter  
  44  4:55  Siege Tank, Marine  
  44  4:56  Marine, Marauder  
  51  5:06  Supply Depot, Missile Turret  
  51  5:15  SCV  
  51  5:18  Marauder  
  54  5:25  Supply Depot  
  54  5:27  SCV  
  55  5:30  Supply Depot  
  55  5:31  Factory Tech Lab  
  55  5:35  Siege Tank  
  58  5:39  SCV  
  59  5:49  Marine  
  60  5:50  Missile Turret  
  60  5:51  SCV  
  60  5:52  Armory  
  61  5:58  Siege Tank  
  61  6:02  Terran Infantry Weapons Level 1  
  61  6:03  SCV  
  65  6:04  Concussive Shells  
  65  6:16  SCV  
  66  6:28  SCV  
  65  6:41  Missile Turret  
  65  6:48  SCV  
  65  6:52  SCV  
  67  7:00  SCV  
  68  7:01  Missile Turret  
  68  7:04  SCV  
  68  7:07  Supply Depot  
  69  7:09  Terran Vehicle Weapons Level 1, Command Center  
  69  7:10  Thor  
  69  7:12  SCV, Starport  
  76  7:16  SCV  
  77  7:24  SCV  
  77  7:28  SCV  
  79  7:42  Thor  
  85  7:48  Supply Depot  
  81  7:53  Thor  
  81  8:01  SCV  
  82  8:06  Missile Turret  
  82  8:13  SCV  
  82  8:15  Starport Reactor, Starport  
  83  8:25  SCV, Thor  
  90  8:27  Missile Turret  
  90  8:28  Supply Depot  
  90  8:31  Terran Infantry Armor Level 1  
  90  8:35  Thor  
  90  8:38  Planetary Fortress  
  90  8:39  Refinery  
  96  8:45  Marine x3  
  99  8:51  Missile Turret  
  99  8:56  Starport Tech Lab  
  99  8:58  Viking  
  101  9:03  Marine  
  101  9:08  Medivac  
  104  9:15  Supply Depot, Mag-Field Accelerator  
  104  9:17  Missile Turret  
  104  9:18  Thor  
  104  9:21  Missile Turret  
  110  9:28  Medivac  
  110  9:30  SCV  
  111  9:42  SCV  
  112  9:49  Missile Turret  
  112  9:54  Supply Depot  
  112  9:57  Terran Ship Weapons Level 1  
  112  10:09  Missile Turret  
  112  10:10  Supply Depot  
  112  10:12  Banshee  
  112  10:14  Cloaking Field  
  115  10:16  Supply Depot  
  115  10:21  SCV  
  116  10:25  Armory  
  116  10:32  Missile Turret  
  116  10:33  SCV  
  116  10:34  Missile Turret  
  117  10:51  Missile Turret  
  117  10:54  Medivac, Viking  
  117  10:55  Banshee  
  117  10:56  Thor  
  130  10:59  Refinery  
  130  11:02  Marine  
  130  11:03  Marine x2  
  133  11:07  Supply Depot  
  133  11:10  Missile Turret  
  133  11:13  Engineering Bay  
  133  11:18  SCV  
  133  11:19  Sensor Tower  
  133  11:20  Marine x2  
  133  11:21  Marine  
  133  11:24  Viking  
  139  11:29  Missile Turret  
  139  11:30  SCV  
  139  11:31  Missile Turret  
  139  11:32  Medivac  
  142  11:38  Medivac  
  144  11:54  Medivac  
  115  12:17  Banshee  
  118  12:32  Terran Infantry Weapons Level 2  
  118  12:34  Terran Vehicle Weapons Level 2  
  118  12:35  Marine  
  118  12:36  Marine x2  
  121  12:48  Missile Turret  
  121  12:53  Marine  
  121  12:54  Marine x2  
  124  13:00  Banshee  
  124  13:05  Supply Depot  
  127  13:07  Missile Turret  
  127  13:08  Thor x2  
  127  13:11  Marine x2  
  127  13:12  Marine  
  142  13:28  Sensor Tower, Drilling Claws  
  142  13:29  Supply Depot, Marine x2  
  142  13:30  Marine  
  142  13:31  Terran Infantry Armor Level 2  
  142  13:33  Terran Ship Weapons Level 2  
  145  13:37  Missile Turret  
  145  13:38  Medivac  
  145  13:39  Medivac  
  149  13:43  Banshee  
  149  13:46  SCV  
  149  13:47  Marine  
  154  13:57  Missile Turret  
  154  13:59  SCV  
  154  14:01  Command Center  
  155  14:11  SCV  
  156  14:23  SCV  
  157  14:25  Banshee  
  160  14:35  SCV  
  161  14:39  Sensor Tower  
  155  15:08  Banshee  
  153  15:27  Siege Tank x2  
Tags
 
Matchup
TvT
Race
Terran
Replay Pack
Dave SC2 II
Spawn Locations
Cross Positions
Add a new tag
Caveats
  • Supply blocks, unpowered buildings, or Contaminate may cause inaccurate times.
  • Supply counts are checked every 10 seconds.